 Dungeon Crawl Stone Soup version 0.27-a0-74-gebd156f8b4 (webtiles) character file.

Game seed: 17640693522892201104

33171 Essalna the Thaumaturge (level 13, -1/78 HPs)
             Began as a Deep Elf Earth Elementalist on Jan 11, 2021.
             Was a High Priest of Vehumet.
             Slain by an entropy weaver (13 damage)
             ... on level 4 of the Lair of Beasts.
             The game lasted 01:01:31 (20099 turns).

Essalna the Thaumaturge (DEEE)                     Turns: 20099, Time: 01:01:32

Health: -1/78      AC: 12    Str:  5    XL:     13   Next: 35%
Magic:  10/32      EV: 13    Int: 26    God:    Vehumet [*****.]
Gold:   834        SH:  0    Dex: 11    Spells: 22/39 levels left

rFire    + . .     SeeInvis +   z - staff of earth
rCold    + + +     Faith    .   (no shield)
rNeg     . . .     Spirit   .   U - +5 ring mail of Philately {rElec rPois rC+++ Dex-4}
rPois    +         Reflect  .   r - +1 helmet {SInv}
rElec    +         Harm     .   j - scarf {rC+ rF+}
rCorr    +         Rampage  .   E - +0 pair of gloves
Will     +....                  d - +0 pair of boots
Stlth    ++........             S - amulet of magic regeneration
HPRegen  0.23/turn              o - +4 ring of protection
MPRegen  0.48/turn              y - ring of resist corrosion

@: corroded
A: no striking features
a: Renounce Religion


You were on level 4 of the Lair of Beasts.
You worshipped Vehumet.
Vehumet was extremely pleased with you.
You visited 3 branches of the dungeon, and saw 17 of its levels.
You also visited: Ossuary.

You collected 870 gold pieces.
You spent 36 gold pieces at shops.

Inventory:

Hand Weapons
 p - the +9 flail "Myung" {pain, rN+ Int+3}
   (You found it on level 4 of the Dungeon)

   In the hands of one skilled in necromantic magic, it inflicts extra damage on
   living creatures.
   It affects your intelligence (+3).
   It protects you from negative energy.
Missiles
 b - 619 stones
Armour
 c - a +2 robe of the Archmagi
 d - a +0 pair of boots (worn)
 j - a scarf of resistance (worn)
 r - a +1 helmet of see invisible (worn)
 E - a +0 pair of gloves (worn)
 U - the +5 ring mail of Philately (worn) {rElec rPois rC+++ Dex-4}
   (You found it on level 9 of the Dungeon)

   It affects your dexterity (-4).
   It renders you almost immune to cold.
   It insulates you from electricity.
   It protects you from poison.
 Z - a +1 robe of cold resistance
Magical Staves
 z - an uncursed staff of earth (weapon)
Jewellery
 m - an uncursed ring of poison resistance
 o - a +4 ring of protection (left hand)
 y - a ring of resist corrosion (right hand)
 B - an uncursed ring of flight
 N - an uncursed amulet of regeneration
 O - an uncursed ring of willpower
 S - an amulet of magic regeneration (around neck)
 T - an uncursed ring of positive energy
 X - an uncursed ring of wizardry
 Y - an uncursed ring of ice
Wands
 e - a wand of paralysis (9)
 w - a wand of disintegration (33)
 H - a wand of acid (5)
 I - a wand of digging (6)
Scrolls
 a - 2 scrolls of fear {unknown}
 i - 3 scrolls of magic mapping
 k - 8 scrolls of identify
 n - 9 scrolls of remove curse
 u - 4 scrolls of fog
 x - 2 scrolls of amnesia {unknown}
 A - 9 scrolls of teleportation {unknown}
 C - 4 scrolls of enchant weapon {unknown}
 D - 2 scrolls of enchant armour {unknown}
 K - 2 scrolls of immolation {unknown}
 L - a scroll of random uselessness {unknown}
 Q - 2 scrolls of brand weapon
 R - a scroll of vulnerability {unknown}
 V - a scroll of noise {unknown}
Potions
 g - 4 potions of haste
 l - 3 potions of cancellation
 q - a potion of resistance
 s - 7 potions of curing
 t - 3 potions of might
 v - a potion of flight
 J - a potion of brilliance
 M - 2 potions of ambrosia
 P - 2 potions of heal wounds


   Skills:
 + Level 7.7 Fighting
 + Level 6.0 Armour
 + Level 11.2 Dodging
 - Level 5.0 Stealth
 + Level 13.8 Spellcasting
 - Level 6.0 Transmutations
 + Level 5.7 Fire Magic
 - Level 10.6 Earth Magic
 - Level 7.4 Evocations


You had 22 spell levels left.
You knew the following spells:

 Your Spells              Type           Power        Failure   Level
a - Sandblast             Erth           100%         1%          1
b - Stone Arrow           Conj/Erth      100%         1%          3
c - Lee's Rapid Deconstr  Erth           42%          1%          5
d - Ignition              Fire           23%          100%        8

Your spell library contained the following spells:

 Spells                   Type           Power        Failure   Level
 Bolt of Magma            Conj/Fire/Erth 31%          10%         5
 Passwall                 Tmut/Erth      62%          1%          2
 Ignite Poison            Fire/Tmut/Pois 38%          2%          3
 Shock                    Conj/Air       68%          3%          1
 Conjure Flame            Conj/Fire      32%          3%          3
 Petrify                  Tmut/Erth      75%          4%          4
 Mephitic Cloud           Conj/Pois/Air  17%          11%         3
 Static Discharge         Conj/Air       17%          11%         3
 Poisonous Vapours        Pois/Air       34%          19%         2
 Swiftness                Air            17%          19%         2
 Fireball                 Conj/Fire      16%          26%         5
 Airstrike                Air            8%           30%         4
 Lightning Bolt           Conj/Air       8%           61%         5
 Starburst                Conj/Fire      16%          78%         6
 Freezing Cloud           Conj/Ice/Air   8%           98%         6


Dungeon Overview and Level Annotations

Branches:
Dungeon (11/15)            Temple (1/1) D:4            Lair (5/6) D:9
  Swamp (0/4) Lair:3       Spider (0/4) Lair:3      Ossuary (visited)
  Slime: Lair:5-6       Orc: D:9-12

Altars:
Ashenzari
Cheibriados
Dithmenos
Elyvilon
Fedhas
Gozag
Kikubaaqudgha
Makhleb
Nemelex Xobeh
Okawaru
Qazlal
Sif Muna
Trog
Uskayaw
Vehumet
Wu Jian
Xom
Yredelemnul
Zin
The Shining One

Shops:
D:4 !   D:6 :   D:9 :

Annotations:
Lair:4 exclusion: oklob plant


Message History

You feel a surge of power!
The wall shatters!
The blast of rock fragments hits the entropy weaver.
The entropy weaver is lightly wounded.
The entropy weaver hits you but does no damage.
The entropy weaver hits you. The entropy weaver hits you!
The entropy weaver hits you but does no damage.
Casting: Lee's Rapid Deconstruction (dangerous; 1% risk of failure)
Confirm with . or Enter, or press ? or * to list all spells.
Aiming: Lee's Rapid Deconstruction (dangerous; 1% risk of failure)
Press: ? - help, Dir - move target A rock wall.
You feel a surge of power!
The wall shatters!
The blast of rock fragments hits the entropy weaver.
The entropy weaver is lightly wounded.
The entropy weaver hits you!
* * * LOW HITPOINT WARNING * * *
The entropy weaver hits you.
* * * LOW HITPOINT WARNING * * *
The entropy weaver hits you!
You die...

..................# ...
.................##. .
..........÷........≈
..........÷.........
.....[.............≈
..................≈≈
..........>......#≈
.................#
................@#
................B#
..............<..# ...
..............>..# ).....
.................## ......
..≈≈≈.............## #......
..≈.≈..............###.#.....
..≈.≈.......$................
..≈.≈.....†..)...............


You could see an entropy weaver.

Vanquished Creatures
  An entropy weaver (Lair:4)
  Snorg (Lair:3)
  Fannar (D:10)
  A boulder beetle (Lair:4)
  2 hydras
  A catoblepas (Lair:4)
  5 death yaks
  2 two-headed ogres
  A queen ant (Lair:4)
  Urug (D:10)
  4 lindwurms (D:9)
  The ghost of Descartes the Covert, a novice FeMo (D:9)
  Joseph (D:10)
  A black mamba (Lair:1)
  11 cane toads
  5 komodo dragons
  4 rime drakes
  A polar bear (Lair:3)
  6 dream sheep
  A meliai zombie (D:10)
  2 wyverns (Lair:4)
  A wraith (D:10)
  22 yaks
  2 basilisks
  Menkaure (D:6)
  22 soldier ants (Lair:4)
  Duvessa (D:6)
  11 water moccasins
  A black bear (D:7)
  2 orc warriors
  2 ice beasts
  3 phantoms
  3 wolves (Lair:1)
  An ogre (D:6)
  2 centaurs
  A big kobold (D:7)
  17 bullfrogs
  2 wyvern zombies (D:8)
  Dowan (D:6)
  2 scorpions
  3 wights (D:10)
  3 howler monkeys (D:8)
  3 bullfrog zombies
  4 centaur zombies
  6 hounds
  5 jellies
  A gnoll shaman (D:6)
  A human zombie (Ossuary)
  3 orc priests
  8 orc wizards
  3 bullfrog skeletons
  3 centaur skeletons
  2 iguanas
  24 worker ants
  A big kobold zombie (Ossuary)
  3 ogre zombies (Ossuary)
  A hound skeleton (D:5)
  7 mummies (Ossuary)
  A worker ant zombie (D:7)
  17 adders
  9 gnolls
  4 shadow imps
  2 white imps
  An ooze (D:2)
  5 adder zombies
  4 adder skeletons
  A worm (D:4)
  A dart slug (D:3)
  2 leopard geckos
  32 orcs
  3 ball pythons
  3 giant cockroaches
  A gnoll zombie (Ossuary)
  13 goblins
  11 hobgoblins
  9 jackals
  15 kobolds
  4 quokkas
  4 bats
  2 frilled lizards
  2 goblin zombies (Ossuary)
  6 hobgoblin zombies (Ossuary)
  5 kobold zombies (Ossuary)
  A leopard gecko skeleton (D:4)
  A leopard gecko zombie (D:7)
  A quokka skeleton (D:6)
  2 quokka zombies (Ossuary)
  6 rats
  5 rat zombies (Ossuary)
404 creatures vanquished.

Vanquished Creatures (others)
  20 fungi
  16 plants
  5 toadstools (D:10)
41 creatures vanquished.

Grand Total: 445 creatures vanquished

Notes
Turn   | Place    | Note
-------+----------+-------------------------------------------
     0 | D:1      | Essalna the Deep Elf Earth Elementalist began the quest for
                  | the Orb.
     0 | D:1      | Reached XP level 1. HP: 10/10 MP: 6/6
   170 | D:1      | Reached XP level 2. HP: 15/15 MP: 6/8
   678 | D:1      | Reached XP level 3. HP: 17/19 MP: 7/10
   682 | D:1      | Learned a level 3 spell: Stone Arrow
  1204 | D:2      | Reached skill level 4 in Spellcasting
  1206 | D:2      | Reached XP level 4. HP: 24/24 MP: 8/12
  1478 | D:2      | Found a sparkling altar of Nemelex Xobeh.
  1988 | D:3      | Reached XP level 5. HP: 22/28 MP: 9/14
  2518 | D:3      | Found a stormy altar of Qazlal.
  2525 | D:3      | Found a glowing golden altar of the Shining One.
  2685 | D:3      | Reached skill level 5 in Spellcasting
  2937 | D:4      | Found a sand-covered staircase.
  2938 | D:4      | Got a shimmering flail
  2948 | Ossuary  | Entered an ossuary
  2949 | Ossuary  | Identified the +9 flail "Myung" {pain, rN+ Int+3} (You
                  | found it on level 4 of the Dungeon)
  3149 | Ossuary  | Reached skill level 5 in Earth Magic
  3194 | Ossuary  | Reached XP level 6. HP: 32/32 MP: 16/16
  3594 | Ossuary  | Reached skill level 6 in Spellcasting
  4255 | D:4      | Identified a scroll of acquirement
  4255 | D:4      | Acquired a +1 helmet of see invisible
  4474 | D:4      | Reached XP level 7. HP: 33/36 MP: 18/18
  4598 | D:4      | Reached skill level 5 in Transmutations
  4706 | D:4      | Found a staircase to the Ecumenical Temple.
  4862 | D:4      | Reached skill level 7 in Spellcasting
  4987 | D:4      | Found Wicoa's Distillery.
  4992 | D:4      | Bought a potion of lignification for 36 gold pieces
  5426 | D:5      | Entered Level 5 of the Dungeon
  5970 | D:5      | Reached XP level 8. HP: 21/41 MP: 11/21
  6675 | Temple   | Entered the Ecumenical Temple
  6766 | Temple   | Became a worshipper of Vehumet
  6943 | D:6      | Learned a level 5 spell: Lee's Rapid Deconstruction
  7132 | D:6      | Noticed Duvessa
  7152 | D:6      | Killed Duvessa
  7153 | D:6      | Reached skill level 1 in Fighting
  7153 | D:6      | Reached skill level 1 in Armour
  7153 | D:6      | Reached skill level 8 in Spellcasting
  7261 | D:6      | Noticed Menkaure
  7263 | D:6      | Killed Menkaure
  7532 | D:6      | Noticed Dowan
  7669 | D:6      | Killed Dowan
  7914 | D:6      | Reached * piety under Vehumet
  7914 | D:6      | Offered knowledge of Magic Dart by Vehumet.
  7987 | D:6      | Reached XP level 9. HP: 48/48 MP: 2/23
  8317 | D:6      | Acquired an uncursed staff of earth
  8408 | D:6      | Found Ystakoll's Book Emporium.
  8998 | D:7      | Reached skill level 9 in Spellcasting
  9135 | D:7      | Found a shadowy altar of Dithmenos.
  9146 | D:7      | Reached skill level 5 in Stealth
  9270 | D:7      | Found an ancient bone altar of Kikubaaqudgha.
  9272 | D:7      | Found a white marble altar of Elyvilon.
  9687 | D:7      | Reached skill level 1 in Evocations
 10002 | D:8      | Offered knowledge of Shock by Vehumet.
 10153 | D:8      | Reached ** piety under Vehumet
 10168 | D:8      | Reached skill level 5 in Dodging
 10818 | D:8      | Found an opulent altar of Gozag.
 10863 | D:8      | Noticed a two-headed ogre
 10869 | D:8      | Killed a two-headed ogre
 10870 | D:8      | Reached XP level 10. HP: 56/56 MP: 12/25
 11469 | D:9      | Noticed a lindwurm
 11473 | D:9      | Noticed a lindwurm
 11480 | D:9      | Noticed a lindwurm
 11491 | D:9      | Killed a lindwurm
 11492 | D:9      | Reached skill level 10 in Spellcasting
 11530 | D:9      | Killed a lindwurm
 11530 | D:9      | Noticed a lindwurm
 11678 | D:9      | Found a runed translucent door.
 11707 | D:9      | Noticed a two-headed ogre
 11714 | D:9      | Killed a two-headed ogre
 11715 | D:9      | Noticed Descartes's ghost (novice FeMo)
 11721 | D:9      | Found Unnuekhli's Book Boutique.
 11849 | D:9      | Found a staircase to the Lair.
 11927 | D:9      | Killed a lindwurm
 12053 | D:9      | Killed a lindwurm
 12054 | D:9      | Reached skill level 5 in Evocations
 12139 | D:9      | Got a warped ring mail
 12152 | D:10     | Entered Level 10 of the Dungeon
 12383 | D:10     | Offered knowledge of Ignite Poison by Vehumet.
 12474 | D:10     | Noticed Urug
 12479 | D:10     | Killed Urug
 12480 | D:10     | Reached skill level 11 in Spellcasting
 12480 | D:10     | Reached XP level 11. HP: 62/62 MP: 17/28
 12740 | D:10     | Noticed Fannar
 12753 | D:10     | Reached *** piety under Vehumet
 12767 | D:10     | Killed Fannar
 12768 | D:10     | Reached skill level 5 in Fighting
 13057 | D:10     | Noticed Joseph
 13063 | D:10     | Killed Joseph
 13620 | D:9      | You fall into a shaft and drop 1 floor!
 13698 | D:9      | Killed Descartes's ghost
 13934 | Lair:1   | Entered Level 1 of the Lair of Beasts
 13948 | Lair:1   | Reached skill level 10 in Earth Magic
 13973 | Lair:1   | Offered knowledge of Fulminant Prism by Vehumet.
 14348 | Lair:1   | Identified the +5 ring mail of Philately {rElec rPois rC+++
                  | Dex-4} (You found it on level 9 of the Dungeon)
 14956 | Lair:1   | Reached skill level 12 in Spellcasting
 14998 | Lair:1   | Reached **** piety under Vehumet
 15333 | Lair:2   | Reached XP level 12. HP: 62/70 MP: 15/30
 15628 | Lair:2   | Offered knowledge of Olgreb's Toxic Radiance by Vehumet.
 15867 | Lair:2   | Acquired a book of Fire
 15880 | Lair:2   | Learned a level 8 spell: Ignition
 16616 | Lair:3   | Noticed a six-headed hydra
 16616 | Lair:3   | Noticed a seven-headed hydra
 16625 | Lair:2   | Killed a seven-headed hydra
 16626 | Lair:2   | Reached skill level 1 in Fire Magic
 16948 | Lair:3   | Found a staircase to the Swamp.
 16981 | Lair:3   | Killed a six-headed hydra
 17244 | Lair:3   | Noticed Snorg
 17359 | Lair:3   | Killed Snorg
 17360 | Lair:3   | Reached skill level 10 in Dodging
 17934 | Lair:3   | Found a hole to the Spider Nest.
 18361 | Lair:4   | Noticed a boulder beetle
 18368 | Lair:4   | Noticed a death yak
 18369 | Lair:4   | Killed a boulder beetle
 18370 | Lair:4   | Reached skill level 5 in Armour
 18370 | Lair:4   | Reached skill level 13 in Spellcasting
 18370 | Lair:4   | Noticed a death yak
 18710 | Lair:4   | Killed a death yak
 18769 | Lair:4   | Noticed a catoblepas
 18810 | Lair:4   | Reached ***** piety under Vehumet
 18812 | Lair:4   | Offered knowledge of Bolt of Magma by Vehumet.
 18886 | Lair:4   | Reached XP level 13. HP: 76/76 MP: 7/32
 19179 | Lair:4   | Noticed an entropy weaver
 19199 | Lair:4   | Noticed an entropy weaver
 19293 | Lair:4   | Reached skill level 5 in Fire Magic
 20088 | Lair:4   | Killed an entropy weaver
 20099 | Lair:4   | Slain by an entropy weaver

Illustrated notes

Levels and vault maps discovered:
D:1:      dpeg_arrival_tiny_h, layout_loops_ring
D:2:      layout_rooms, nemelex_xobeh_ov_fountains_minmay
D:3:      layout_loops_cross, amethyst_overflow_temple_binary
D:4:      layout_loops_cross, minmay_temple_entry_from_below_a,
          chequers_ossuary_entry_cave, serial_shops, shop,
          guppyfry_early_lair_pool
D:5:      layout_loops_corners, minmay_liquid_box, nrook_mini_vaults
D:6:      layout_cave_pools, serial_shops, nicolae_shop_waterfront,
          minmay_manual_macuahuitl, uniq_duvessa, uniq_menkaure
D:7:      layout_cave_pods, nicolae_overflow_hidden_temple, basic_altar
D:8:      layout_rooms, basic_altar
D:9:      layout_rooms, lair_entry_dummy, serial_shops,
          nicolae_shop_competitors_out_of_business,
          ebering_ghost_reflecting_pool, st_stairs_10, minmay_lindwurm_lava
D:10:     layout_basic, minmay_gold_behind_fungi, uniq_fannar, uniq_urug,
          uniq_joseph
D:11:     layout_roguey, serial_shops, nicolae_shop_waterfront,
          minmay_checkerbox
Temple:   eino_temple_rhombus
Lair:1:   layout_regular_city, serial_bayou_shore_b
Lair:2:   layout_cave_pods
Lair:3:   layout_misc_corridors, swamp_mist, spider_nest_entry_web_field,
          chequers_serial_rivers_small_a, infiniplex_staircase_pool_2,
          grunt_megastairs_2, lemuel_fruit_tree, uniq_snorg
Lair:4:   layout_cave_shapes, serial_rivers, chequers_serial_rivers_large_a,
          chequers_serial_rivers_marsh, chequers_serial_rivers_micro_d,
          chequers_serial_rivers_large_b, chequers_serial_rivers_micro_d,
          chequers_serial_rivers_micro_a, minivault_29, grunt_megastairs_3,
          minmay_lair_oklob_chamber
Lair:5:   layout_cave_pods, infiniplex_staircase_pool

Skill      XL: |  1  2  3  4  5  6  7  8  9 10 11 12 13 |
---------------+----------------------------------------+-----
Transmutations | 2 3 4 5 6 |  6.0
Earth Magic    | 4 5 6 7 8 9 10 | 10.6
Spellcasting   | 4 5 6 7 8 9 11 12 13 | 13.8
Fighting       | 2 3 4 6 7 |  7.7
Armour         | 1 3 5 6 |  6.0
Dodging        | 4 5 7 9 10 11 | 11.2
Stealth        | 4 5 |  5.0
Evocations     | 3 5 7 |  7.4
Fire Magic     | 4 5 |  5.7

Action                   |  1- 3 |  4- 6 |  7- 9 | 10-12 | 13-15 || total
-------------------------+-------+-------+-------+-------+-------++-------
Melee: Dagger            |    35 |   106 |       |       |       ||   141
       Flail             |       |    89 |    52 |       |       ||   141
       Staff             |       |       |    58 |    66 |    22 ||   146
 Cast: Sandblast         |    36 |    55 |     1 |     9 |     3 ||   104
       Stone Arrow       |       |     6 |   182 |   200 |    75 ||   463
       Lee's Rapid Decon |       |       |       |    83 |    15 ||    98
  Use: Scroll            |       |    14 |     6 |     8 |     1 ||    29
       Potion            |       |       |       |     2 |     1 ||     3
 Stab: Sleeping          |     2 |    12 |     3 |     2 |       ||    19
       Distracted        |       |     3 |       |       |       ||     3
Armor: Robe              |     8 |    46 |    87 |    12 |       ||   153
       Ring mail         |       |       |       |    70 |    33 ||   103
Dodge: Dodged            |    32 |   149 |   166 |   111 |    27 ||   485

Table legend: (Time is in decaauts)
 A = Elapsed time spent in this place.
 B = Non-inter-level travel time spent in this place.
 C = Inter-level travel time spent in this place.
 D = Time resting spent in this place.
 E = Time spent auto-exploring this place.
 F = Levels seen in this place.
 G = Mean time per level.
                   A        B        C        D        E       F      G
               +--------+--------+--------+--------+--------+-----+--------+
         Total |  20190 |  19135 |   1055 |   2216 |  13942 |  18 | 1121.7 |
       Dungeon |  12708 |  12098 |    610 |    709 |   9444 |  11 | 1155.3 |
        Temple |    107 |     89 |     18 |      0 |     86 |   1 |  107.0 |
          Lair |   6072 |   5645 |    427 |   1423 |   3446 |   5 | 1214.4 |
       Ossuary |   1302 |   1302 |      0 |     84 |    966 |   1 | 1302.0 |
               +--------+--------+--------+--------+--------+-----+--------+

Top non-repeatable levels by time:
  Lair:2: 2385 daAuts
     D:5: 1692 daAuts
     D:7: 1548 daAuts
    D:10: 1488 daAuts
     D:9: 1428 daAuts
 Ossuary: 1302 daAuts
  Lair:1: 1248 daAuts
     D:6: 1220 daAuts
     D:4: 1184 daAuts
     D:8: 1138 daAuts
     D:1: 1137 daAuts
  Lair:4: 1073 daAuts
     D:3: 1035 daAuts
  Lair:3: 977 daAuts
     D:2: 833 daAuts
